 Dungeon Crawl Stone Soup version 0.21.0-3-g78d12a8 (webtiles) character file.

90 George the Slasher (level 4, 0/35 HPs)
             Began as a Demonspawn Fighter on Jan 13, 2018.
             Slain by an orc
             ... wielding a +0 club
              (2 damage)
             ... on level 3 of the Dungeon.
             The game lasted 00:03:01 (1658 turns).

George the Slasher (Demonspawn Fighter)             Turns: 1658, Time: 00:03:02

Health: 0/35       AC:  7    Str: 17    XL:     4   Next: 32%
Magic:  4/4        EV:  6    Int: 10    God:
Gold:   60         SH:  8    Dex: 12    Spells: 3/3 levels left

rFire    . . .     SeeInvis .   a - +0 long sword
rCold    . . .     Gourm    .   c - +0 shield
rNeg     . . .     Faith    .   b - +0 scale mail
rPois    .         Spirit   .   (no helmet)
rElec    .         Reflect  .   (no cloak)
rCorr    .         Harm     .   l - +0 pair of gloves
MR       .....                  (no boots)
Stlth    +.........             (no amulet)
HPRegen  0.11/turn              (no ring)
MPRegen  0.09/turn              (no ring)

@: no status effects
A: claws 1, nightstalker 1
a: no special abilities


You were on level 3 of the Dungeon.
You were hungry.

You visited 1 branch of the dungeon, and saw 3 of its levels.

You collected 60 gold pieces.

Inventory:

Hand Weapons
 a - a +0 long sword (weapon)
Armour
 b - a +0 scale mail (worn)
 c - a +0 shield (worn)
 l - a +0 pair of gloves (worn)
Scrolls
 e - 2 scrolls of teleportation {unknown}
 i - 2 scrolls of identify
 o - a scroll of remove curse
 p - a scroll of fog {unknown}
Potions
 d - a potion of might
 g - a potion of cancellation
 h - a potion of resistance
 j - 2 potions of curing
 k - a potion of ambrosia {unknown}
 m - a potion of magic {unknown}
 n - a potion of heal wounds
Comestibles
 f - 5 rations


   Skills:
 - Level 3.0 Fighting
 + Level 4.2 Long Blades
 - Level 2.6 Armour
 - Level 2.6 Shields


You had 3 spell levels left.
You didn't know any spells.

Dungeon Overview and Level Annotations

Branches:
Dungeon (3/15)

Altars:
Hepliaklqana


Innate Abilities, Weirdness & Mutations

You have sharp fingernails.
You are slightly more attuned to the shadows.


Message History

You feel a bit more experienced. The orc barely misses you.
You hit the orc but do no damage.
The orc is lightly wounded.
The orc hits you with a club.
* * * LOW HITPOINT WARNING * * *
You closely miss the orc.
The orc is lightly wounded.
You block the orc's attack.
You hit the orc but do no damage.
The orc is lightly wounded.
You block the orc's attack.
You slash the orc!
You kill the orc!
You block the orc's attack.
You barely miss the orc. The orc hits you with a hand axe.
* * * LOW HITPOINT WARNING * * *
You slash the orc!
You kill the orc!
The orc hits you with a club.
You die...

#..#.# #.[#.#
#..#.# #.# #.#
#.# #.# #.# #@#
#o#
o#############)#
........o......#
........o..(...#
...o############
... .. .


You could see an orc.

Vanquished Creatures
  An orc wizard (D:3)
  An ooze (D:1)
  2 worms (D:2)
  2 dart slugs
  A leopard gecko (D:2)
  3 orcs (D:3)
  10 bats
  3 giant cockroaches
  4 goblins
  8 hobgoblins
  3 ball pythons
  3 frilled lizards (D:2)
  3 kobolds (D:1)
  4 rats
48 creatures vanquished.

Notes
Turn   | Place    | Note
-------+----------+-------------------------------------------
     0 | D:1      | George the Demonspawn Fighter began the quest for the Orb.
     0 | D:1      | Reached XP level 1. HP: 18/18 MP: 1/1
    30 | D:1      | Reached skill level 2 in Long Blades
    97 | D:1      | Gained mutation: You are slightly more attuned to the shadows. [demonic ancestry]
    97 | D:1      | Reached XP level 2. HP: 24/24 MP: 2/2
   344 | D:1      | Reached skill level 3 in Long Blades
   672 | D:2      | Gained mutation: You have sharp fingernails. [demonic ancestry]
   672 | D:2      | Reached XP level 3. HP: 29/29 MP: 3/3
  1337 | D:2      | Found a hazy altar of Hepliaklqana.
  1651 | D:3      | Reached skill level 4 in Long Blades
  1651 | D:3      | Reached XP level 4. HP: 5/35 MP: 4/4
  1658 | D:3      | Slain by an orc

Skill      XL: |  1  2  3 |
---------------+----------+-----
Long Blades    | 2 3 4 |  4.2
Fighting       | |  3.0
Armour         | |  2.6
Shields        | |  2.6

Action                   |  1- 3 |  4- 6 || total
-------------------------+-------+-------++-------
Melee: Long sword        |   183 |     6 ||   189
  Use: Scroll            |     6 |       ||     6
  Eat: Chunk             |     2 |       ||     2
Armor: Scale mail        |   124 |       ||   124
Dodge: Dodged            |    51 |     1 ||    52
Block: Shield            |    90 |     3 ||    93
       Rpst.: Long sword |    14 |       ||    14
